General information
- name: BNet
- type: Ladder team game (AT/RT)
- host: Battle.net
- saver: RUBIO-LOVE-LUKE
map: Battleground
- players: 8
- length: 32:45
- speed: Fast
- version: 1.26 W3XP
- replay type: Public
» download(215 KB)
Players
team 1 (loser)
job]resume (
purple | 89 APM | 2661 actions | 29:52)
5 Blademaster
3 Critical Strike
2 Wind Walk
5 Shadow Hunter
2 Hex
3 Healing Wave
» actions
| Assign group hotkey | 25 | |
| Basic commands | 9 | |
| Build / train | 71 | |
| Enter build submenu | 15 | |
| Enter hero's abilities submenu | 10 | |
| Give item / drop item | 2 | |
| Right click | 1200 | |
| Select / deselect | 383 | |
| Select group hotkey | 861 | |
| Use ability | 85 | |
2661 total
» units
» upgrades
» buildings
| Altar of Storms | 1 | |
| Orc Burrow | 8 | |
| Barracks | 1 | |
| Voodoo Lounge | 1 | |
| Stronghold | 4 | |
| Beastiary | 2 | |
| Fortress | 2 | |
| War Mill | 1 | |
20 total
» build order
00:22 Altar of Storms
00:38 Orc Burrow
00:53 Barracks
01:45 Orc Burrow
01:57 Voodoo Lounge
03:00 Stronghold
03:01 Stronghold
03:01 Stronghold
03:01 Stronghold
03:44 Orc Burrow
05:31 Beastiary
05:33 Beastiary
05:34 Fortress
05:35 Fortress
06:44 Orc Burrow
08:28 Orc Burrow
11:51 Orc Burrow
18:05 Orc Burrow
18:56 War Mill
20:35 Orc Burrow
» items
| Healing Salve | 2 | |
| Scroll of Speed | 2 | |
| Lesser Clarity Potion | 1 | |
| Orb of Lightning | 1 | |
| Scroll of Town Portal | 2 | |
| Potion of Healing | 2 | |
10 total

»
G3TTlN.HIllIIGH (
green | 53 APM | 1561 actions | 29:13)
5 Archmage
3 Summon Water Elemental
1 Brilliance Aura
1 Blizzard
4 Mountain King
2 Storm Bolt
2 Bash
3 Paladin
2 Holy Light
1 Divine Shield
» actions
| Assign group hotkey | 52 | |
| Basic commands | 1 | |
| Build / train | 77 | |
| ESC pressed | 1 | |
| Enter build submenu | 25 | |
| Enter hero's abilities submenu | 12 | |
| Give item / drop item | 3 | |
| Right click | 559 | |
| Select / deselect | 281 | |
| Select group hotkey | 425 | |
| Use ability | 124 | |
1561 total
» units
| Peasant | 15 | |
| Footman | 4 | |
| Gryphon Rider | 8 | |
| Dragonhawk Rider | 4 | |
31 total
» upgrades
| Masonry | 1 | |
| Lumber Harvesting | 1 | |
| Storm Hammers | 1 | |
| Animal War Training | 1 | |
| Swords | 1 | |
| Armor | 1 | |
| Cloud | 1 | |
7 total
» buildings
| Farm | 14 | |
| Scout Tower | 2 | |
| Arcane Tower | 2 | |
| Altar of Kings | 1 | |
| Barracks | 1 | |
| Lumber Mill | 2 | |
| Keep | 1 | |
| Arcane Vault | 2 | |
| Castle | 1 | |
| Gryphon Aviary | 2 | |
| Blacksmith | 1 | |
29 total
» build order
00:19 Farm
00:36 Scout Tower
00:53 Farm
01:02 Arcane Tower
01:22 Altar of Kings
01:50 Farm
02:03 Barracks
02:12 Lumber Mill
02:25 Farm
02:37 Scout Tower
02:58 Farm
03:05 Arcane Tower
03:38 Farm
04:44 Keep
05:03 Arcane Vault
05:32 Farm
08:12 Castle
08:20 Gryphon Aviary
08:23 Gryphon Aviary
08:33 Blacksmith
08:51 Lumber Mill
12:24 Farm
12:25 Farm
12:56 Farm
22:24 Arcane Vault
22:26 Farm
22:27 Farm
22:30 Farm
22:31 Farm
» items
| Healing Salve | 2 | |
| Lesser Clarity Potion | 5 | |
| Scroll of Speed | 1 | |
| Scroll of Town Portal | 5 | |
| Scroll of Regeneration | 5 | |
| Potion of Healing | 1 | |
19 total

»
I-AM-THUNDER (
orange | 30 APM | 705 actions | 23:53)
5 Archmage
2 Summon Water Elemental
2 Blizzard
1 Brilliance Aura
1 Paladin
1 Devotion Aura
» actions
| Basic commands | 41 | |
| Build / train | 77 | |
| Enter build submenu | 28 | |
| Enter hero's abilities submenu | 7 | |
| Right click | 206 | |
| Select / deselect | 306 | |
| Use ability | 40 | |
705 total
» units
| Peasant | 15 | |
| Rifleman | 22 | |
| Mortar Team | 7 | |
| Sorceress | 4 | |
| Priest | 3 | |
51 total
» upgrades
| Long Rifles | 1 | |
| Gunpowder | 3 | |
| Armor | 1 | |
| Fragmentation Shards | 1 | |
| Lumber Harvesting | 1 | |
| Sorceress Training | 2 | |
| Masonry | 1 | |
10 total
» buildings
| Altar of Kings | 1 | |
| Farm | 10 | |
| Blacksmith | 1 | |
| Scout Tower | 7 | |
| Barracks | 1 | |
| Arcane Tower | 2 | |
| Keep | 1 | |
| Lumber Mill | 1 | |
| Arcane Vault | 1 | |
| Guard Tower | 4 | |
| Workshop | 2 | |
| Castle | 1 | |
| Arcane Sanctum | 1 | |
33 total
» build order
00:10 Altar of Kings
00:16 Farm
00:58 Farm
01:23 Blacksmith
01:37 Scout Tower
02:01 Barracks
02:07 Arcane Tower
03:02 Farm
03:06 Farm
03:38 Keep
03:46 Scout Tower
04:08 Scout Tower
04:29 Arcane Tower
04:55 Scout Tower
05:00 Scout Tower
05:19 Lumber Mill
05:41 Arcane Vault
05:47 Guard Tower
05:49 Guard Tower
06:05 Farm
07:00 Farm
07:09 Scout Tower
07:39 Guard Tower
07:45 Workshop
07:49 Workshop
07:57 Castle
08:04 Farm
09:24 Farm
10:11 Arcane Sanctum
11:30 Farm
12:17 Scout Tower
12:53 Guard Tower
17:28 Farm
RUBIO-LOVE-LUKE (
red | 61 APM | 2008 actions | 32:45)
5 Goblin Tinker
3 Pocket Factory
2 Engineering Upgrade
» actions
| Assign group hotkey | 28 | |
| Basic commands | 118 | |
| Build / train | 66 | |
| Enter build submenu | 24 | |
| Enter hero's abilities submenu | 6 | |
| Give item / drop item | 2 | |
| Remove unit from queue | 2 | |
| Right click | 792 | |
| Select / deselect | 201 | |
| Select group hotkey | 702 | |
| Use ability | 66 | |
2008 total
» units
» upgrades
| Ranged Weapons | 2 | |
| Reinforced Defenses | 1 | |
| Armor | 2 | |
| Envenomed Spears | 1 | |
6 total
» buildings
| Altar of Storms | 1 | |
| Orc Burrow | 8 | |
| Barracks | 1 | |
| Voodoo Lounge | 1 | |
| Stronghold | 1 | |
| War Mill | 1 | |
| Beastiary | 4 | |
| Fortress | 1 | |
| Watch Tower | 19 | |
| Great Hall | 3 | |
40 total
» build order
00:11 Altar of Storms
00:18 Orc Burrow
00:41 Barracks
01:26 Orc Burrow
02:10 Voodoo Lounge
03:15 Stronghold
03:34 Orc Burrow
04:00 War Mill
04:50 Orc Burrow
05:43 Beastiary
05:46 Fortress
06:35 Beastiary
07:02 Watch Tower
07:04 Watch Tower
07:04 Watch Tower
07:05 Watch Tower
09:53 Great Hall
10:33 Orc Burrow
10:34 Orc Burrow
11:12 Great Hall
12:27 Watch Tower
12:28 Watch Tower
12:29 Watch Tower
12:29 Watch Tower
13:11 Watch Tower
13:11 Watch Tower
13:12 Watch Tower
14:18 Watch Tower
14:19 Watch Tower
15:09 Beastiary
15:33 Beastiary
17:17 Watch Tower
17:17 Watch Tower
17:18 Watch Tower
17:19 Watch Tower
17:19 Watch Tower
17:19 Watch Tower
18:25 Great Hall
20:26 Orc Burrow
20:27 Orc Burrow
» items
| Healing Salve | 2 | |
| Staff of Teleportation | 1 | |
| Orb of Lightning | 1 | |
| Scroll of Town Portal | 1 | |
| Potion of Lesser Invulnerability | 1 | |
| Scroll of Healing | 1 | |
7 total
team 2 (winner)

»
meltingkevin (
yellow | 100 APM | 2078 actions | 20:48)
5 Demon Hunter
2 Evasion
3 Mana Burn
3 Keeper of the Grove
2 Entangling Roots
1 Thorns Aura
» actions
| Assign group hotkey | 68 | |
| Basic commands | 28 | |
| Build / train | 60 | |
| Enter build submenu | 16 | |
| Enter hero's abilities submenu | 8 | |
| Give item / drop item | 17 | |
| Right click | 1118 | |
| Select / deselect | 281 | |
| Select group hotkey | 417 | |
| Use ability | 65 | |
2078 total
» units
| Wisp | 14 | |
| Archer | 1 | |
| Huntress | 3 | |
| Hippogryph | 6 | |
| Chimaera | 6 | |
30 total
» upgrades
| Ultravision | 1 | |
| Sentinel | 1 | |
| Corrosive Breath | 1 | |
| Strength of the Wild | 1 | |
4 total
» buildings
| Moon Well | 8 | |
| Altar of Elders | 1 | |
| Ancient of War | 1 | |
| Hunter's Hall | 1 | |
| Tree of Ages | 1 | |
| Ancient of Wonders | 1 | |
| Tree of Eternity | 1 | |
| Ancient of Wind | 1 | |
| Chimaera Roost | 2 | |
| Tree of Life | 1 | |
18 total
» build order
00:22 Moon Well
00:36 Altar of Elders
01:00 Ancient of War
01:21 Moon Well
01:37 Moon Well
02:19 Hunter's Hall
03:15 Tree of Ages
03:22 Ancient of Wonders
03:44 Moon Well
05:04 Moon Well
05:58 Tree of Eternity
06:22 Ancient of Wind
07:41 Moon Well
07:58 Moon Well
08:54 Chimaera Roost
09:14 Chimaera Roost
09:41 Moon Well
18:49 Tree of Life
» items
| Potion of Healing | 4 | |
| Staff of Preservation | 1 | |
| Boots of Speed | 1 | |
| Scroll of Protection | 1 | |
| Potion of Lesser Invulnerability | 2 | |
| Orb of Venom | 1 | |
| Scroll of Town Portal | 1 | |
| Dust of Appearance | 1 | |
| Staff of Teleportation | 1 | |
| Scroll of Regeneration | 1 | |
14 total
murderotica11 (
teal | 39 APM | 786 actions | 20:17)
6 Mountain King
3 Storm Bolt
2 Bash
1 Avatar
» actions
| Assign group hotkey | 13 | |
| Basic commands | 5 | |
| Build / train | 64 | |
| Enter build submenu | 23 | |
| Enter hero's abilities submenu | 6 | |
| Give item / drop item | 1 | |
| Remove unit from queue | 3 | |
| Right click | 397 | |
| Select / deselect | 189 | |
| Select group hotkey | 40 | |
| Use ability | 45 | |
786 total
» units
| Peasant | 12 | |
| Rifleman | 18 | |
| Forest Troll Shadow Priest | 1 | |
| Mortar Team | 6 | |
37 total
» upgrades
| Gunpowder | 3 | |
| Armor | 1 | |
| Long Rifles | 1 | |
| Fragmentation Shards | 1 | |
| Flare | 1 | |
7 total
» buildings
| Altar of Kings | 1 | |
| Farm | 13 | |
| Blacksmith | 1 | |
| Barracks | 1 | |
| Arcane Vault | 1 | |
| Lumber Mill | 1 | |
| Keep | 1 | |
| Castle | 1 | |
| Workshop | 1 | |
21 total
» build order
00:35 Altar of Kings
00:41 Farm
00:59 Blacksmith
01:44 Farm
02:16 Barracks
02:27 Farm
02:38 Arcane Vault
03:00 Lumber Mill
03:07 Farm
04:53 Farm
05:05 Keep
05:53 Farm
06:26 Farm
06:42 Farm
08:22 Farm
08:24 Castle
08:42 Farm
09:27 Farm
09:56 Farm
10:08 Workshop
17:14 Farm
» items
| Scroll of Regeneration | 2 | |
| Lesser Clarity Potion | 1 | |
| Scroll of Town Portal | 3 | |
| Orb of Fire | 1 | |
7 total

»
spy_BrN (
pink | 55 APM | 1156 actions | 20:57)
4 Shadow Hunter
2 Healing Wave
2 Hex
» actions
| Assign group hotkey | 17 | |
| Build / train | 41 | |
| ESC pressed | 13 | |
| Enter build submenu | 30 | |
| Enter hero's abilities submenu | 4 | |
| Remove unit from queue | 2 | |
| Right click | 428 | |
| Select / deselect | 412 | |
| Select group hotkey | 148 | |
| Use ability | 60 | |
1156 total
» units
| Peon | 11 | |
| Troll Headhunter/Berserker | 1 | |
| Grunt | 1 | |
| Wind Rider | 12 | |
| Troll Batrider | 5 | |
30 total
» buildings
| War Mill | 1 | |
| Orc Burrow | 8 | |
| Watch Tower | 11 | |
| Altar of Storms | 1 | |
| Barracks | 1 | |
| Stronghold | 1 | |
| Beastiary | 2 | |
| Voodoo Lounge | 1 | |
| Fortress | 1 | |
| Great Hall | 1 | |
28 total
» build order
00:11 War Mill
01:48 Orc Burrow
01:59 Watch Tower
02:07 Watch Tower
02:09 Watch Tower
02:31 Altar of Storms
03:00 Watch Tower
03:04 Watch Tower
03:33 Orc Burrow
04:06 Watch Tower
04:30 Barracks
04:31 Stronghold
04:58 Watch Tower
05:06 Watch Tower
05:40 Watch Tower
06:03 Watch Tower
06:49 Watch Tower
07:38 Beastiary
08:03 Orc Burrow
08:12 Beastiary
08:56 Orc Burrow
10:19 Orc Burrow
12:20 Voodoo Lounge
15:49 Fortress
16:29 Orc Burrow
17:04 Orc Burrow
18:12 Orc Burrow
20:34 Great Hall
» items
| Scroll of Town Portal | 1 | |
| Scroll of Speed | 1 | |
2 total
MeanMrMustard (
blue | 84 APM | 2747 actions | 32:45)
7 Archmage
3 Summon Water Elemental
3 Brilliance Aura
1 Mass Teleport
2 Demon Hunter
1 Metamorphosis
1 Evasion
» actions
| Assign group hotkey | 207 | |
| Basic commands | 26 | |
| Build / train | 131 | |
| Enter build submenu | 58 | |
| Enter hero's abilities submenu | 9 | |
| Give item / drop item | 4 | |
| Remove unit from queue | 7 | |
| Right click | 1171 | |
| Select / deselect | 467 | |
| Select group hotkey | 494 | |
| Use ability | 173 | |
2747 total
» units
| Peasant | 22 | |
| Footman | 2 | |
| Rifleman | 13 | |
| Dragonhawk Rider | 16 | |
| Peon | 4 | |
| Gryphon Rider | 6 | |
63 total
» upgrades
| Gunpowder | 3 | |
| Lumber Harvesting | 2 | |
| Long Rifles | 1 | |
| Armor | 3 | |
| Masonry | 3 | |
| Cloud | 1 | |
| Swords | 3 | |
| Animal War Training | 1 | |
| Storm Hammers | 1 | |
18 total
» buildings
| Altar of Kings | 1 | |
| Barracks | 2 | |
| Farm | 11 | |
| Blacksmith | 1 | |
| Keep | 1 | |
| Lumber Mill | 2 | |
| Town Hall | 2 | |
| Arcane Vault | 4 | |
| Scout Tower | 32 | |
| Guard Tower | 12 | |
| Castle | 1 | |
| Gryphon Aviary | 7 | |
| Altar of Storms | 1 | |
77 total
» build order
00:41 Altar of Kings
00:53 Barracks
00:56 Farm
01:06 Farm
01:08 Farm
01:51 Blacksmith
02:35 Farm
03:16 Farm
04:16 Keep
04:50 Barracks
05:24 Farm
06:33 Lumber Mill
06:45 Town Hall
06:54 Arcane Vault
07:07 Scout Tower
07:08 Scout Tower
07:11 Scout Tower
07:15 Scout Tower
07:16 Scout Tower
07:41 Guard Tower
07:43 Guard Tower
07:45 Guard Tower
07:45 Guard Tower
09:12 Town Hall
09:17 Scout Tower
09:18 Scout Tower
09:19 Scout Tower
09:21 Scout Tower
09:22 Scout Tower
09:23 Scout Tower
09:24 Scout Tower
09:26 Scout Tower
09:27 Scout Tower
09:29 Scout Tower
09:30 Scout Tower
09:31 Scout Tower
09:33 Scout Tower
09:53 Arcane Vault
10:15 Guard Tower
10:17 Guard Tower
10:23 Guard Tower
10:45 Guard Tower
10:52 Guard Tower
12:19 Arcane Vault
12:21 Guard Tower
12:36 Arcane Vault
12:41 Scout Tower
12:46 Scout Tower
12:48 Scout Tower
12:51 Scout Tower
14:55 Guard Tower
16:05 Castle
18:17 Scout Tower
18:18 Scout Tower
18:18 Scout Tower
18:19 Scout Tower
18:20 Scout Tower
18:22 Scout Tower
18:22 Scout Tower
18:23 Scout Tower
18:24 Scout Tower
18:24 Scout Tower
18:31 Gryphon Aviary
18:32 Gryphon Aviary
18:34 Lumber Mill
19:52 Guard Tower
19:53 Gryphon Aviary
19:56 Gryphon Aviary
19:57 Gryphon Aviary
20:02 Gryphon Aviary
23:35 Farm
23:35 Farm
23:35 Farm
25:45 Farm
25:45 Farm
25:56 Altar of Storms
» items
| Scroll of Regeneration | 6 | |
| Scroll of Town Portal | 3 | |
| Periapt of Vitality | 3 | |
| Scroll of Protection | 2 | |
| Potion of Healing | 3 | |
| Scroll of Healing | 1 | |
| Staff of Teleportation | 1 | |
19 total
Chat log
(00:21 / Allies) I-AM-THUNDER: units?
(00:28 / Allies) RUBIO-LOVE-LUKE: wyverns
(00:28 / Allies) RUBIO-LOVE-LUKE: bats
(00:29 / All) MeanMrMustard: Ya'll lovely
(00:41 / Allies) I-AM-THUNDER: rifles/mortars
(02:19 / Allies) RUBIO-LOVE-LUKE: pick taven hro
(02:21 / Allies) RUBIO-LOVE-LUKE: for me
(02:43 / All) MeanMrMustard: In this way mr kite will challenge the world
(03:49 / Allies) job]resume: back up
(04:08 / Allies) RUBIO-LOVE-LUKE: come
(04:09 / Allies) RUBIO-LOVE-LUKE: help
(04:33 / Allies) job]resume: micro?
(04:58 / Allies) G3TTlN.HIllIIGH: ty red
(05:05 / Allies) RUBIO-LOVE-LUKE: i got yo back
(05:06 / Allies) RUBIO-LOVE-LUKE: nigga
(05:07 / Allies) I-AM-THUNDER: ty purple
(05:59 / Allies) RUBIO-LOVE-LUKE: wopod
(06:01 / Allies) RUBIO-LOVE-LUKE: wood
(06:06 / Allies) job]resume: repair
(07:26 / Allies) RUBIO-LOVE-LUKE: wood niggas
(07:35 / All) MeanMrMustard: I admire his preserverence
(07:44 / All) RUBIO-LOVE-LUKE: i do as well
(08:32 / Allies) RUBIO-LOVE-LUKE: wood
(10:12 / Allies) RUBIO-LOVE-LUKE: ignore it
(10:14 / Allies) RUBIO-LOVE-LUKE: too many towers
(10:24 / Allies) RUBIO-LOVE-LUKE: hit pink
(10:25 / Allies) RUBIO-LOVE-LUKE: ignore blue
(10:29 / Allies) G3TTlN.HIllIIGH: hit
(10:48 / Allies) G3TTlN.HIllIIGH: hit
(12:04 / Allies) RUBIO-LOVE-LUKE: DEFEND my epxo
(12:44 / Allies) I-AM-THUNDER: we need melee
(12:54 / Allies) RUBIO-LOVE-LUKE: wood so ic an tower
(13:00 / Allies) RUBIO-LOVE-LUKE: hit yellow
(13:01 / Allies) G3TTlN.HIllIIGH: anyone need wood?
(13:03 / Allies) RUBIO-LOVE-LUKE: me
(14:50 / All) MeanMrMustard: lol
(16:23 / Allies) RUBIO-LOVE-LUKE: wood?
(16:58 / Allies) RUBIO-LOVE-LUKE: finish yellow
(17:00 / Allies) RUBIO-LOVE-LUKE: screw teal
(17:24 / Allies) job]resume: rdy to tp?
(17:40 / Allies) RUBIO-LOVE-LUKE: kill yellow
(17:54 / All) MeanMrMustard: OH SHIT SON
(17:57 / All) MeanMrMustard: ABORT MISSION
(17:59 / Allies) job]resume: counter
(18:14 / Allies) RUBIO-LOVE-LUKE: finish pink
(18:44 / Allies) G3TTlN.HIllIIGH: rfile oj
(19:51 / All) G3TTlN.HIllIIGH: gG?
(20:45 / All) meltingkevin: u noob blue
(20:54 / All) MeanMrMustard: left with 4k wood
(21:23 / Allies) job]resume: eh
(21:37 / Allies) I-AM-THUNDER: what are you doing red?
(21:40 / Allies) RUBIO-LOVE-LUKE: SORRY
(21:42 / Allies) RUBIO-LOVE-LUKE: misclick
(21:47 / Allies) job]resume: lol obviously not
(22:02 / Allies) job]resume: afk
(22:27 / Allies) I-AM-THUNDER: why must you be a tool red
(22:55 / Allies) G3TTlN.HIllIIGH: he massed hawks guys
(23:26 / Allies) RUBIO-LOVE-LUKE: i wnat my item orange
(23:27 / Allies) RUBIO-LOVE-LUKE: give it back
(24:59 / Allies) G3TTlN.HIllIIGH: make bats red
(25:02 / Allies) G3TTlN.HIllIIGH: gonna need em
(25:18 / Allies) G3TTlN.HIllIIGH: gold me red?
(25:27 / Allies) G3TTlN.HIllIIGH: ty
(25:45 / Allies) G3TTlN.HIllIIGH: are we killing ourselves here?
(25:46 / Allies) G3TTlN.HIllIIGH: guys?
(25:50 / Allies) RUBIO-LOVE-LUKE: purple is
(25:57 / Allies) RUBIO-LOVE-LUKE: he got pissed i took his item
(25:58 / Allies) G3TTlN.HIllIIGH: lets meet
(25:59 / Allies) RUBIO-LOVE-LUKE: which was mine
(26:34 / Allies) G3TTlN.HIllIIGH: red letsa attack man
(26:38 / Allies) RUBIO-LOVE-LUKE: l
(26:40 / Allies) RUBIO-LOVE-LUKE: hit teal
(26:45 / Allies) G3TTlN.HIllIIGH: no
(26:55 / Allies) G3TTlN.HIllIIGH: huit blue expos
(27:11 / Allies) RUBIO-LOVE-LUKE: purple stop
(27:33 / Allies) G3TTlN.HIllIIGH: RED GOLD ME DUDE
(27:35 / Allies) G3TTlN.HIllIIGH: for hawks
(27:36 / Allies) G3TTlN.HIllIIGH: fast
(27:37 / Allies) G3TTlN.HIllIIGH: lots
(27:41 / Allies) G3TTlN.HIllIIGH: MORE
(27:43 / Allies) G3TTlN.HIllIIGH: u have large
(27:51 / Allies) RUBIO-LOVE-LUKE: WE NEED to finish pruple
(27:53 / Allies) RUBIO-LOVE-LUKE: he is a threat
(27:59 / Allies) G3TTlN.HIllIIGH: lemme get hawks ok?
(28:10 / Allies) G3TTlN.HIllIIGH: he has no gold red
(28:29 / Allies) G3TTlN.HIllIIGH: RED
(28:48 / Allies) G3TTlN.HIllIIGH: RED
(28:49 / Allies) G3TTlN.HIllIIGH: ASSHOLE
(29:02 / All) G3TTlN.HIllIIGH: red is such a fag
(29:08 / All) G3TTlN.HIllIIGH: go fuck urself kid
(29:08 / All) RUBIO-LOVE-LUKE: purple killed us
(30:02 / All) RUBIO-LOVE-LUKE: i do not care who wins or loses
(30:07 / All) RUBIO-LOVE-LUKE: let me stats
(30:15 / All) MeanMrMustard: My team bad mouthed me loalw
(30:39 / All) RUBIO-LOVE-LUKE: wow purple 30-13
(30:42 / All) RUBIO-LOVE-LUKE: 30-12
(30:55 / All) MeanMrMustard: He needs another loss
(30:58 / All) RUBIO-LOVE-LUKE: who u want to win
(31:01 / All) RUBIO-LOVE-LUKE: yellow is what
(31:08 / All) MeanMrMustard: Purple
(31:12 / All) MeanMrMustard: Level 30
(31:15 / All) MeanMrMustard: sub 50%
(31:23 / All) RUBIO-LOVE-LUKE: let me see yellow on high perch, i recognize him
(31:33 / All) RUBIO-LOVE-LUKE: purp only lvl 13
(31:35 / All) RUBIO-LOVE-LUKE: 30-12
(31:36 / All) RUBIO-LOVE-LUKE: hold on
(32:15 / All) RUBIO-LOVE-LUKE: ok dont recognize i leave right
(32:23 / All) MeanMrMustard: Yeh